 Dungeon Crawl Stone Soup version 0.27.1-2-g3b301248ec (webtiles) character file.

Game seed: 14872474575169049813

9787 Borgoz the Fighter (level 11, -3/72 HPs)
             Began as a Gargoyle Gladiator on Sept 28, 2021.
             Slain by a seven-headed hydra (7 damage)
             ... on level 10 of the Dungeon.
             The game lasted 00:17:32 (13521 turns).

Borgoz the Fighter (Gargoyle Gladiator)            Turns: 13521, Time: 00:17:32

Health: -3/72      AC: 32    Str: 22    XL:     11   Next: 51%
Magic:  0/11       EV: 11    Int:  7    God:
Gold:   238        SH:  0    Dex: 12    Spells: 7/10 levels left

rFire    + + .     SeeInvis .   t - +0 dire flail
rCold    . . .     Faith    .   (shield currently unavailable)
rNeg     + . .     Spirit   +   g - +6 chain mail of Servitude {Str+4}
rPois    ∞         Reflect  .   c - +1 helmet
rElec    +         Harm     .   (no cloak)
rCorr    .         Rampage  .   q - +1 pair of gloves
Will     .....                  p - +1 pair of boots
Stlth    ..........             o - amulet of guardian spirit
HPRegen  1.22/turn              h - ring of protection from fire
MPRegen  0.12/turn              w - ring of protection from fire

@: about to teleport
A: sickness immunity, AC +8, negative energy resistance 1, electricity
resistance, torment resistance 1, petrification resistance, clumsy 1, dopey 1,
regeneration 1, MP-powered wands
a: no special abilities


You were on level 10 of the Dungeon.
You visited 2 branches of the dungeon, and saw 12 of its levels.

You collected 598 gold pieces.
You spent 360 gold pieces at shops.

Inventory:

Hand Weapons
 t - a +0 dire flail (weapon)
Armour
 c - a +1 helmet (worn)
 g - the +6 chain mail of Servitude (worn) {Str+4}
   (You found it on level 4 of the Dungeon)

   Str:       It affects your strength (+4).
 p - a +1 pair of boots (worn)
 q - a +1 pair of gloves (worn)
Jewellery
 f - an amulet of reflection
 h - a ring of protection from fire (left hand)
 o - an amulet of guardian spirit (around neck)
 w - a ring of protection from fire (right hand)
Wands
 d - a wand of iceblast (10)
 e - a wand of mindburst (2)
 j - a wand of digging (5)
 l - a wand of acid (6)
 x - a wand of flame (15)
Scrolls
 b - 2 scrolls of teleportation
 i - a scroll of holy word
 r - 4 scrolls of magic mapping
 v - a scroll of fear
Potions
 a - a potion of mutation
 k - 2 potions of brilliance
 n - a potion of heal wounds


   Skills:
 * Level 9.8 Fighting
 * Level 9.2 Maces & Flails
 - Level 1.7 Throwing
 * Level 9.4 Armour
 * Level 7.6 Dodging
 + Level 1.0 Stealth
 - Level 4.0 Shields
 + Level 0.4 Spellcasting
 + Level 0.4 Hexes
 + Level 0.5 Evocations


You had 7 spell levels left.
You knew the following spells:

 Your Spells              Type           Power      Damage    Failure   Level
a - Confusing Touch       Hex            0%         N/A       100%        3

Your spell library contained the following spells:

 Spells                   Type           Power      Damage    Failure   Level
 Corona                   Hex            0%         N/A       92%         1
 Animate Skeleton         Necr           0%         N/A       95%         1
 Apportation              Tloc           0%         N/A       95%         1
 Sandblast                Erth           0%         2d4       95%         1
 Summon Small Mammal      Summ           0%         N/A       95%         1
 Ensorcelled Hibernation  Hex/Ice        0%         N/A       98%         2
 Slow                     Hex            0%         N/A       98%         2
 Inner Flame              Hex/Fire       0%         N/A       100%        3
 Tukima's Dance           Hex            0%         N/A       100%        3
 Vampiric Draining        Necr           0%         2d6       100%        3
 Animate Dead             Necr           0%         N/A       100%        4
 Leda's Liquefaction      Hex/Erth       0%         N/A       100%        4
 Petrify                  Tmut/Erth      0%         N/A       100%        4
 Bolt of Magma            Conj/Fire/Erth 0%         4d4       100%        5
 Borgnjor's Vile Clutch   Necr/Erth      0%         N/A       100%        5
 Death Channel            Necr           0%         N/A       100%        6
 Statue Form              Tmut/Erth      Unusable   N/A       N/A         6

Dungeon Overview and Level Annotations

Branches:
Dungeon (11/15)            Temple (1/1) D:7            Lair (0/6) D:10
    Orc (0/2) D:9

Altars:
Ashenzari
Cheibriados
Dithmenos
Elyvilon
Fedhas
Gozag
Hepliaklqana
Kikubaaqudgha
Makhleb
Nemelex Xobeh
Okawaru
Qazlal
Ru
Sif Muna
Trog
Uskayaw
Vehumet
Wu Jian
Xom
Yredelemnul
Zin
The Shining One

Shops:
D:1 =

Annotations:
D:10 1 transporter


Innate Abilities, Weirdness & Mutations

You are immune to sickness and miasma.
Your stone body is resilient. (AC +8)
You are immune to poison.
You resist negative energy. (rN+)
You are resistant to electric shocks. (rElec)
You are resistant to unholy torment.
You are immune to petrification.
You are clumsy. (Dex -2)
You are dopey. (Int -2)
Your natural rate of healing is unusually fast.
You expend magic power (3 MP) to strengthen your wands.


Message History

The seven-headed hydra barely misses you.
The seven-headed hydra bites you! The seven-headed hydra bites you.
* * * LOW HITPOINT WARNING * * *
You hit the seven-headed hydra but do no damage.
The seven-headed hydra is heavily wounded.
The seven-headed hydra bites you but does no damage. x3
The seven-headed hydra bites you.
* * * LOW HITPOINT WARNING * * *
The seven-headed hydra bites you but does no damage.
The seven-headed hydra barely misses you.
The seven-headed hydra completely misses you.
The gnoll sergeant hits you but does no damage.
Okay, then.
As you read the scroll of teleportation, it crumbles to dust.
You feel strangely stable.
The seven-headed hydra bites you but does no damage. x2
The seven-headed hydra closely misses you.
The seven-headed hydra bites you but does no damage.
The seven-headed hydra bites you.
* * * LOW HITPOINT WARNING * * *
The seven-headed hydra bites you but does no damage. x2
The gnoll sergeant completely misses you.
Your chain mail of Servitude prevents you from hitting the seven-headed hydra.
The seven-headed hydra is heavily wounded.
The centaur warrior shoots an arrow.
The arrow hits you but does no damage.
The centaur warrior shoots an arrow.
The arrow hits you!
* * * LOW HITPOINT WARNING * * *
The seven-headed hydra bites you but does no damage. x4
The seven-headed hydra closely misses you.
The seven-headed hydra bites you but does no damage.
The seven-headed hydra barely misses you.
The gnoll sergeant hits you but does no damage.
As you read the scroll of teleportation, it crumbles to dust.
You feel strangely unstable.
The gnoll sergeant hits you but does no damage.
The seven-headed hydra bites you.
* * * LOW HITPOINT WARNING * * *
The seven-headed hydra bites you but does no damage. x2
The seven-headed hydra bites you!
You die...

#..# #..# #.........##.#.#####...
#.#####)###.........##.#.########
..........'.........'.[.......)>)
########.##..........#.####.....#
# #..#........©.....##.....' ##
##.#....#########..#.....# .#
#.###.##8$._$$8##.#.....# .##
#..##.#..(:$)[..#.#.....# ..#
##....#.@#...#..#.#.....# ..##
#....#.#D..$.#.#.#...[.# ...#
##...#...g....©#.####.## ...#
#...#.#.....#.#.####... ...#
#...#..#?©.#..#........
.#.#########.)#.........#.#######
.#............##8.....8##.#
##.#####.......#########..# ##.#
#...........©.....##


You could see a seven-headed hydra and a gnoll sergeant.

Vanquished Creatures
  2 two-headed ogres
  Pikel (D:7)
  An elephant (D:10)
  Prince Ribbit (D:8)
  Grinder (D:4)
  A wraith (D:10)
  4 yaks
  A basilisk (D:10)
  Grum (D:9)
  The ghost of mandor the Slasher, an amateur DsAK of Lugonu (D:3)
  Menkaure (D:6)
  4 water moccasins
  An ice beast (D:5)
  5 orc warriors
  3 black bears
  A hornet zombie (D:7)
  2 necrophages
  5 centaurs
  2 ogres
  2 wolves (D:9)
  Blork the orc (D:4)
  2 kobold brigands
  2 bullfrogs
  4 scorpions
  4 gnoll sergeants
  2 water moccasin skeletons
  15 killer bees
  6 howler monkeys
  5 centaur zombies
  2 hounds (D:6)
  3 orc priests
  5 jellies
  A centaur skeleton (D:7)
  3 iguanas
  12 orc wizards
  A killer bee zombie (D:6)
  7 adders
  12 gnolls
  A howler monkey skeleton (D:4)
  A shadow imp (D:8)
  3 ufetubi
  A worm (D:4)
  A dart slug (D:2)
  31 orcs
  4 bat skeletons (D:6)
  A bat zombie (D:6)
  3 endoplasms
  2 giant cockroaches
  7 goblins
  4 hobgoblins
  2 jackals (D:2)
  2 quokkas
  11 ball pythons
  5 bats
  A frilled lizard (D:3)
  15 kobolds
  4 rats
226 creatures vanquished.

Notes
Turn   | Place    | Note
-------+----------+-------------------------------------------
     0 | D:1      | Borgoz the Gargoyle Gladiator began the quest for the Orb.
     0 | D:1      | Reached XP level 1. HP: 12/12 MP: 1/1
   150 | D:1      | Reached XP level 2. HP: 18/18 MP: 2/2
   348 | D:1      | Found Xulum's Jewellery Shoppe.
   761 | D:2      | Reached skill level 1 in Armour
   944 | D:2      | Found a faded altar of an unknown god.
   965 | D:2      | Reached XP level 3. HP: 18/22 MP: 3/3
  1830 | D:3      | Noticed mandor's ghost (amateur DsAK)
  1833 | D:3      | Found a runed translucent door.
  1859 | D:3      | Found a burning altar of Makhleb.
  2286 | D:3      | Reached XP level 4. HP: 20/28 MP: 4/4
  3148 | D:4      | Reached XP level 5. HP: 18/32 MP: 5/5
  3164 | D:4      | Reached skill level 1 in Shields
  3812 | D:4      | Reached XP level 6. HP: 34/38 MP: 6/6
  3817 | D:4      | Identified the +6 chain mail of Servitude {Str+4}
  4083 | D:4      | Noticed Blork the orc
  4086 | D:4      | Found a hazy altar of Hepliaklqana.
  4093 | D:4      | Killed Blork the orc
  4094 | D:4      | Found a faded altar of an unknown god.
  4268 | D:5      | Entered Level 5 of the Dungeon
  4268 | D:5      | Found a broken altar of Ashenzari.
  4269 | D:5      | Noticed Grinder
  4282 | D:5      | Paralysed by Grinder for 5 turns
  4300 | D:4      | Killed Grinder
  4301 | D:4      | Reached XP level 7. HP: 15/44 MP: 7/7
  4882 | D:5      | Reached skill level 5 in Fighting
  4882 | D:5      | Reached skill level 5 in Maces & Flails
  4984 | D:5      | Reached XP level 8. HP: 49/49 MP: 8/8
  5471 | D:5      | Reached skill level 5 in Armour
  5775 | D:6      | Noticed Menkaure
  5792 | D:6      | Killed Menkaure
  5793 | D:6      | Reached skill level 5 in Dodging
  5793 | D:6      | Reached XP level 9. HP: 17/55 MP: 9/9
  6037 | D:6      | Found a hide-covered altar of Uskayaw.
  6652 | D:6      | Found a hide-covered altar of Uskayaw.
  6662 | D:6      | Found a shimmering altar of Xom.
  6662 | D:6      | Found a sparkling altar of Nemelex Xobeh.
  6664 | D:6      | Found a burning altar of Makhleb.
  6664 | D:6      | Found a stormy altar of Qazlal.
  6664 | D:6      | Found a shimmering altar of Xom.
  6718 | D:6      | Found an ancient bone altar of Kikubaaqudgha.
  7080 | D:7      | Found a staircase to the Ecumenical Temple.
  7550 | D:7      | Noticed Pikel
  7568 | D:7      | Killed Pikel
  7730 | D:7      | Reached XP level 10. HP: 63/63 MP: 10/10
  7994 | D:8      | Found a glowing golden altar of the Shining One.
  8450 | D:8      | Found a snail-covered altar of Cheibriados.
  8455 | D:8      | Found a white marble altar of Elyvilon.
  8455 | D:8      | Noticed Prince Ribbit
  8666 | D:8      | Killed Prince Ribbit
  8694 | D:8      | Found a glowing silver altar of Zin.
  8695 | D:8      | Noticed a two-headed ogre
  8699 | D:8      | Killed a two-headed ogre
  8717 | D:8      | Learned a level 3 spell: Confusing Touch
  9019 | D:9      | Noticed a two-headed ogre
  9027 | D:9      | Killed a two-headed ogre
  9375 | D:9      | Noticed Grum
  9409 | D:9      | Killed Grum
  9632 | D:9      | Found an opulent altar of Gozag.
  9771 | D:9      | Reached XP level 11. HP: 50/71 MP: 11/11
 10259 | Temple   | Entered the Ecumenical Temple
 10532 | D:3      | Killed mandor's ghost
 10869 | D:9      | Found a staircase to the Orcish Mines.
 10993 | D:10     | Entered Level 10 of the Dungeon
 11038 | D:10     | Found a staircase to the Lair.
 11241 | D:10     | Found a sparkling altar of Nemelex Xobeh.
 11459 | D:10     | Found an iron altar of Okawaru.
 11459 | D:10     | Noticed a seven-headed hydra
 11465 | D:10     | Found a transporter.
 11471 | D:10     | Noticed a centaur warrior
 11538 | D:10     | Found a transporter.
 11568 | D:10     | Got the Catalogue of Flamy Clay
 12445 | D:11     | Reached skill level 1 in Stealth
 12662 | D:11     | Noticed a boulder beetle
 12899 | D:10     | Gained mutation: You are clumsy. (Dex -2) [potion of
                  | mutation]
 12899 | D:10     | Gained mutation: You expend magic power (3 MP) to
                  | strengthen your wands. [potion of mutation]
 12899 | D:10     | Gained mutation: You are dopey. (Int -2) [potion of
                  | mutation]
 12899 | D:10     | Gained mutation: Your natural rate of healing is unusually
                  | fast. [potion of mutation]
 13236 | D:1      | Bought an amulet of guardian spirit for 360 gold pieces
 13521 | D:10     | Slain by a seven-headed hydra

Illustrated notes

Levels and vault maps discovered:
D:1:      beargit_arrival_greenhouse, layout_basic, serial_shops, shop,
          minmay_cupped
D:2:      layout_basic, serial_curves, eino_curves_02, eino_curves_01,
          dreamdust_ecumenical_altar_statues
D:3:      layout_loops_ring, mainiacjoe_overflow_six_doors_small,
          hellmonk_ghost_happy_afterlife, st_stairs_13
D:4:      layout_loops_ring, beargit_hepliaklqana_dungeon_heroes,
          serial_bayou_lagoon_a, minmay_quadrilaterals
D:5:      minmay_octagon_keep, layout_cave_pools, cheibrodos_ashenzari_chains,
          uniq_grinder
D:6:      layout_cave_pools, eat_drink_and_be_merry_uskayaw,
          doesnt_xom_only_xom, kennysheep_vampire_church, uniq_menkaure
D:7:      layout_gridville, minmay_temple_entry_junction, uniq_pikel
D:8:      layout_gridville, lemuel_tele_altar,
          mainiacjoe_overflow_concentric_impassable,
          amethyst_overflow_temple_binary, ebering_dispersal_statue_hall,
          eino_tiny_chamber, uniq_prince_ribbit1
D:9:      layout_roguey, nicolae_gozag_seed_capital, david_orc_4, uniq_grum
D:10:     layout_basic, gammafunk_temple_overflow_arena, general_overflow_altar,
          david_lair_generic, hangedman_decor_opposing, blue_anna_alchemist
D:11:     layout_gridville
Temple:   compressed_dpeg_triangle_lava_temple

Skill      XL: |  1  2  3  4  5  6  7  8  9 10 11 |
---------------+----------------------------------+-----
Armour         | 1 2 3 4 5 7 8 9 |  9.4
Fighting       | 3 4 5 6 7 9 |  9.8
Dodging        | 3 4 5 7 |  7.6
Shields        | 1 2 3 4 |  4.0
Maces & Flails | 4 5 6 7 8 9 |  9.2
Stealth        | 1 |  1.0
Throwing       | |  1.7
Spellcasting   | |  0.4
Hexes          | |  0.4
Evocations     | |  0.5

Action                   |  1- 3 |  4- 6 |  7- 9 | 10-12 || total
-------------------------+-------+-------+-------+-------++-------
Melee: Flail             |   132 |   171 |   361 |   328 ||   992
       Dire flail        |       |       |       |   273 ||   273
Throw: Throwing net      |       |     2 |     6 |       ||     8
Evoke: Wand              |       |       |     4 |    10 ||    14
  Use: Scroll            |     3 |     5 |     5 |    10 ||    23
       Potion            |       |     3 |     2 |    10 ||    15
 Stab: Held in net/web   |       |       |     3 |       ||     3
       Invisible         |       |       |       |     5 ||     5
Armor: Leather armour    |    61 |    11 |       |       ||    72
       Skin              |       |    18 |       |       ||    18
       Ring mail         |       |    17 |       |       ||    17
       Chain mail        |       |    50 |   289 |   461 ||   800
Dodge: Dodged            |    98 |    40 |   196 |   347 ||   681
Block: Other             |    12 |       |       |    76 ||    88
       Reflection        |     3 |     3 |     5 |     3 ||    14
       Buckler           |    27 |    73 |   268 |   222 ||   590
